 Dungeon Crawl Stone Soup version 0.28.0 (webtiles) character file.

Game seed: 10790379923831390706

93 Mitsuki the Magician (level 4, -2/24 HPs)
             Began as a Deep Elf Hedge Wizard on Feb 8, 2022.
             Slain by Grinder (8 damage)
             ... on level 3 of the Dungeon.
             The game lasted 00:04:29 (2930 turns).

Mitsuki the Magician (Deep Elf Hedge Wizard)        Turns: 2930, Time: 00:04:30

Health: -2/24      AC:  3    Str:  7    XL:     4   Next: 37%
Magic:  5/13       EV: 12    Int: 21    God:
Gold:   114        SH:  0    Dex: 14    Spells: 7/13 levels left

rFire   . . .      SeeInvis .   j - +0 dagger (venom)
rCold   . . .      Faith    .   (no shield)
rNeg    . . .      Spirit   .   b - +0 robe
rPois   +          Reflect  .   c - +0 hat
rElec   .          Harm     .   (no cloak)
rCorr   .          Rampage  .   (no gloves)
Will    .....                   i - +0 pair of boots
Stlth   ++........              (no amulet)
HPRegen 0.08/turn               a - ring of poison resistance
MPRegen 0.13/turn               (no ring)

@: no status effects
A: no striking features
a: no special abilities


You were on level 3 of the Dungeon.
You visited 1 branch of the dungeon, and saw 3 of its levels.

You collected 114 gold pieces.

Inventory:

Hand Weapons
 j - a +0 dagger of venom (weapon)
Armour
 b - a +0 robe (worn)
 c - a +0 hat (worn)
 i - a +0 pair of boots (worn)
Jewellery
 a - a ring of poison resistance (left hand)
Scrolls
 f - 3 scrolls of identify {unknown}
 k - a scroll of fog {unknown}
Potions
 d - a potion of magic {unknown}
 e - a potion of heal wounds {unknown}
 g - a potion of haste {unknown}
 h - a potion of ambrosia {unknown}


   Skills:
 - Level 2.4 Dodging
 - Level 2.4 Stealth
 + Level 5.2 Spellcasting
 * Level 3.4 Conjurations
 - Level 1.1 Summonings
 + Level 2.4 Translocations


You had 7 spell levels left.
You knew the following spells:

 Your Spells              Type           Power      Damage    Failure   Level
a - Magic Dart            Conj           76%        1d6       2%          1
b - Blink                 Tloc           30%        N/A       6%          2
c - Mephitic Cloud        Conj/Pois/Air  10%        N/A       21%         3

Your spell library contained the following spells:

 Spells                   Type           Power      Damage    Failure   Level
 Slow                     Hex            20%        N/A       11%         1
 Call Imp                 Summ           10%        N/A       11%         2
 Corpse Rot               Necr/Air       10%        N/A       16%         2
 Poisonous Vapours        Pois/Air       10%        N/A       16%         2
 Conjure Flame            Conj/Fire      12%        6-21      16%         3


Dungeon Overview and Level Annotations

Branches:
Dungeon (3/15)

Altars:

Annotations:
D:3 1 runed translucent door, Grinder


Message History

You now have 9/13 mp.
Casting: Magic Dart (safe; 2% risk of failure)
Confirm with . or Enter, or press ? or * to list all spells.
The magic dart hits Grinder.
Grinder is heavily wounded.
You now have 8/13 mp.
Casting: Magic Dart (safe; 2% risk of failure)
Confirm with . or Enter, or press ? or * to list all spells.
The magic dart hits Grinder.
Grinder is severely wounded.
Grinder hits you!
You take 10 damage, and have 14/24 hp.
MASSIVE DAMAGE!!
You now have 7/13 mp.
Casting: Magic Dart (safe; 2% risk of failure)
Confirm with . or Enter, or press ? or * to list all spells.
The magic dart hits Grinder but does no damage.
Grinder is severely wounded.
Grinder gestures at you. Pain shoots through your body!
You take 1 damage, and have 13/24 hp.
You now have 6/13 mp.
Casting: Magic Dart (safe; 2% risk of failure)
Confirm with . or Enter, or press ? or * to list all spells.
The magic dart hits Grinder.
Grinder is severely wounded.
Grinder closely misses you.
Casting: Magic Dart (safe; 2% risk of failure)
Confirm with . or Enter, or press ? or * to list all spells.
The magic dart hits Grinder but does no damage.
Grinder is severely wounded.
Grinder hits you.
You writhe in agony.
* * * LOW HITPOINT WARNING * * *
You take 8 damage, and have 6/24 hp.
MASSIVE DAMAGE!!
You now have 5/13 mp.
You are too injured to fight recklessly!
Okay, then.
You aren't carrying any items that you can evoke.
Unknown command.
Casting: Magic Dart (safe; 2% risk of failure)
Confirm with . or Enter, or press ? or * to list all spells.
Okay, then.
Grinder hits you!
You die...

#.......# #.......#
#.......# #.......#
#.......#
####.......#############
........................
#.......#########....
#...@5..## ####..###
#.####...####....## #
###.^#...#### # ##...###
### #....######..
#.#.......#.#
.####.#.5.......#
..............###
#######.#.......#


You could see Grinder.

Vanquished Creatures
  4 adders (D:2)
  A worm (D:2)
  2 dart slugs (D:2)
  4 ball pythons
  5 endoplasms
  A giant cockroach (D:1)
  5 goblins
  5 hobgoblins
  7 kobolds
  3 quokkas
  4 bats
  4 frilled lizards
  2 rats (D:1)
47 creatures vanquished.

Vanquished Creatures (others)
  2 fungi (D:1)
  A plant (D:1)
3 creatures vanquished.

Grand Total: 50 creatures vanquished

Notes
Turn   | Place    | Note
-------+----------+-------------------------------------------
     0 | D:1      | Mitsuki the Deep Elf Hedge Wizard began the quest for the
                  | Orb.
     0 | D:1      | Reached XP level 1. HP: 10/10 MP: 7/7
   258 | D:1      | Reached XP level 2. HP: 15/15 MP: 7/9
  1027 | D:1      | Found a faded altar of an unknown god.
  1146 | D:1      | Reached XP level 3. HP: 19/19 MP: 6/11
  1254 | D:2      | Learned a level 2 spell: Blink
  1258 | D:2      | Learned a level 3 spell: Mephitic Cloud
  1729 | D:2      | Reached skill level 5 in Spellcasting
  2068 | D:2      | Reached XP level 4. HP: 24/24 MP: 7/13
  2647 | D:3      | Found a runed translucent door.
  2647 | D:3      | Noticed Grinder
  2930 | D:3      | Slain by Grinder

Illustrated notes

Levels and vault maps discovered:
D:1:      heliophobic_arrival_battle_scene, layout_basic,
          dreamdust_ecumenical_altar_hidden_monk_grotto
D:2:      layout_loops_cross, hangedman_abyss_or_decor_stabs,
          minmay_misc_feat_four_crosses, grunt_ministairs_2
D:3:      layout_rooms, uniq_crazy_yiuf_cottage, uniq_grinder

Skill      XL: |  1  2  3 |
---------------+----------+-----
Conjurations   | 2 3 |  3.4
Translocations | 2 |  2.4
Spellcasting   | 5 |  5.2
Dodging        | |  2.4
Stealth        | |  2.4
Summonings     | |  1.1

Action                   |  1- 3 |  4- 6 || total
-------------------------+-------+-------++-------
Melee: Dagger            |    13 |       ||    13
       Punch             |     3 |       ||     3
 Cast: Magic Dart        |    95 |    35 ||   130
       Blink             |       |     1 ||     1
 Stab: Sleeping          |     3 |       ||     3
Armor: Robe              |     4 |       ||     4
Dodge: Dodged            |     8 |     5 ||    13
